AA
WASHINGTON OAKS @ FREDERICK STARS
07/08/2060
 
TOP OF THE 1ST
Washington Oaks batting - Pitching for Frederick Stars : RHP Maxon Caragiale
Pitching: RHP Maxon Caragiale
Batting: RHB Parker Capalbo 0-0: Ball
1-0: Fly out, F8 (Line Drive, 8RD, EV 94.4 MPH)
Batting: RHB Ayden Harley 0-0: Ball
1-0: Called Strike
1-1: Foul Ball, location: 2F
1-2: SINGLE (Line Drive, 6D, EV 95.0 MPH)
Batting: RHB Nathan Baldwin 0-0: SINGLE (Line Drive, 89S, EV 103.8 MPH)
Ayden Harley to second
Batting: SHB Malcolm Peters 0-0: Swinging Strike
0-1: Ball
Ayden Harley is caught stealing 3rd base 2-5
1-1: Foul Ball, location: 2F
1-2: Strikes out looking
Top of the 1st over - 0 runs, 2 hits, 0 errors, 1 left on base; Washington 0 - Frederick 0
BOTTOM OF THE 1ST
Frederick Stars batting - Pitching for Washington Oaks : RHP Quenton Wagner
Pitching: RHP Quenton Wagner
Batting: RHB Camden O'Neill 0-0: Ball
1-0: Foul Ball, location: 2F
1-1: Ball
2-1: Ground out 5-3 (Groundball, 5S, EV 82.5 MPH)
Batting: LHB Rob Weeks 0-0: Ball
1-0: Ball
2-0: Foul Ball, location: 2F
2-1: Called Strike
2-2: Strikes out looking
Batting: RHB Mitchell Metz 0-0: Ball
1-0: SOLO HOME RUN (Flyball, 89XD, EV 102.5 MPH), Distance : 412 ft
Batting: LHB Davion Harrod 0-0: Called Strike
0-1: Ball
1-1: Ball
2-1: Foul Ball, location: 2F
2-2: Strikes out swinging
Bottom of the 1st over - 1 run, 1 hit, 0 errors, 0 left on base; Washington 0 - Frederick 1
TOP OF THE 2ND
Washington Oaks batting - Pitching for Frederick Stars : RHP Maxon Caragiale
Batting: LHB Elmer Duquette 0-0: Ball
1-0: Ball
2-0: Foul Ball, location: 2F
2-1: SINGLE (Groundball, 34, EV 100.6 MPH)
Batting: LHB Ethan DeBoer 0-0: Called Strike
0-1: Fly out, F9 (Flyball, 89M, EV 88.8 MPH)
Batting: SHB Benny Adcox 0-0: Ball
1-0: Ball
2-0: Foul Ball, location: 2F
2-1: Called Strike
2-2: Ball
3-2: Base on Balls
Elmer Duquette to second
Batting: LHB Topher Delano 0-0: Called Strike
0-1: Fly out, F2 (Popup, 15S, EV 81.2 MPH)
Batting: SHB Frank Kimery 0-0: Ball
1-0: Called Strike
1-1: Swinging Strike
1-2: Strikes out swinging
Top of the 2nd over - 0 runs, 1 hit, 0 errors, 2 left on base; Washington 0 - Frederick 1
BOTTOM OF THE 2ND
Frederick Stars batting - Pitching for Washington Oaks : RHP Quenton Wagner
Batting: RHB Abraham Koziarz 0-0: Called Strike
0-1: Ball
1-1: Foul Ball, location: 2F
1-2: Ball
2-2: Strikes out looking
Batting: RHB Hunt Singleton 0-0: Ball
1-0: Foul Ball, location: 2F
1-1: Ball
2-1: Ground out 5-3 (Groundball, 5, EV 86.9 MPH)
Batting: LHB Earnest Feher 0-0: Foul Ball, location: 2F
0-1: Ball
1-1: Ball
2-1: Ball
3-1: Base on Balls
Batting: RHB Carston Abidugun 0-0: Called Strike
0-1: Ball
1-1: Ball
2-1: Foul Ball, location: 2F
2-2: Ball
3-2: Strikes out swinging
Bottom of the 2nd over - 0 runs, 0 hits, 0 errors, 1 left on base; Washington 0 - Frederick 1
TOP OF THE 3RD
Washington Oaks batting - Pitching for Frederick Stars : RHP Maxon Caragiale
Batting: RHB Parker Capalbo 0-0: Called Strike
0-1: Called Strike
0-2: Ball
1-2: Ball
2-2: Ground out 5-3 (Groundball, 56, EV 90.0 MPH)
Batting: RHB Ayden Harley 0-0: Called Strike
0-1: Fly out, F7 (Flyball, 7D, EV 110.0 MPH)
Batting: RHB Nathan Baldwin 0-0: Called Strike
0-1: Ball
1-1: Called Strike
1-2: SINGLE (Groundball, P, EV 80.0 MPH) (infield hit)
Batting: SHB Malcolm Peters 0-0: Ball
1-0: Foul Ball, location: 2F
1-1: Ball
2-1: Ground out U3 (Groundball, 3, EV 110.6 MPH)
Top of the 3rd over - 0 runs, 1 hit, 0 errors, 1 left on base; Washington 0 - Frederick 1
BOTTOM OF THE 3RD
Frederick Stars batting - Pitching for Washington Oaks : RHP Quenton Wagner
Batting: SHB Lane Nixon 0-0: Ball
1-0: Called Strike
1-1: Called Strike
1-2: Ball
2-2: Ball
3-2: Base on Balls
Batting: RHB Camden O'Neill 0-0: Ball
1-0: Ball
2-0: Called Strike
2-1: Ball
3-1: Base on Balls
Lane Nixon to second
Batting: LHB Rob Weeks 0-0: Ball
1-0: Ball
2-0: Swinging Strike
2-1: Swinging Strike
2-2: Strikes out swinging
Batting: RHB Mitchell Metz 0-0: Ball
1-0: Ball
2-0: DOUBLE (Flyball, 78XD, EV 116.2 MPH)
Lane Nixon scores
Camden O'Neill to third
Batting: LHB Davion Harrod 0-0: Called Strike
0-1: Ball
1-1: Ball
2-1: Foul Ball, location: 2F
2-2: Foul Ball, location: 2F
2-2: Foul Ball, location: 2F
2-2: Ball
3-2: Ground out 4-3 (Groundball, 4M, EV 79.4 MPH)
Camden O'Neill scores
Mitchell Metz to third
Batting: RHB Abraham Koziarz 0-0: Ball
1-0: Foul Ball, location: 2F
1-1: Fly out, F9 (Line Drive, 89D, EV 106.9 MPH)
Bottom of the 3rd over - 2 runs, 1 hit, 0 errors, 1 left on base; Washington 0 - Frederick 3
TOP OF THE 4TH
Washington Oaks batting - Pitching for Frederick Stars : RHP Maxon Caragiale
Batting: LHB Elmer Duquette 0-0: Called Strike
0-1: Swinging Strike
0-2: Foul Ball, location: 2F
0-2: Ball
1-2: Ball
2-2: Strikes out swinging
Batting: LHB Ethan DeBoer 0-0: Foul Ball, location: 2F
0-1: Ball
1-1: Called Strike
1-2: Fly out, F4 (Popup, 13, EV 72.5 MPH)
Batting: SHB Benny Adcox 0-0: Called Strike
0-1: Called Strike
0-2: Ball
1-2: Ball
2-2: Strikes out swinging
Top of the 4th over - 0 runs, 0 hits, 0 errors, 0 left on base; Washington 0 - Frederick 3
BOTTOM OF THE 4TH
Frederick Stars batting - Pitching for Washington Oaks : RHP Quenton Wagner
Batting: RHB Hunt Singleton 0-0: Ball
1-0: Ground out 5-3 (Groundball, 5L, EV 89.4 MPH)
Batting: LHB Earnest Feher 0-0: Ball
1-0: Called Strike
1-1: Ball
2-1: Ball
3-1: Base on Balls
Batting: RHB Carston Abidugun 0-0: Called Strike
0-1: SINGLE (Line Drive, 9S, EV 105.0 MPH)
Earnest Feher to second
Batting: SHB Lane Nixon 0-0: Called Strike
0-1: Fly out, F8 (Flyball, 8RM, EV 90.6 MPH)
Batting: RHB Camden O'Neill 0-0: Called Strike
0-1: Ball
1-1: SINGLE (Groundball, 3D, EV 97.5 MPH)
Earnest Feher to third
Carston Abidugun to second
Runner from 3rd tries for Home, throw by RF and OUT! 9-2
Bottom of the 4th over - 0 runs, 2 hits, 0 errors, 2 left on base; Washington 0 - Frederick 3
TOP OF THE 5TH
Washington Oaks batting - Pitching for Frederick Stars : RHP Maxon Caragiale
Batting: LHB Topher Delano 0-0: SINGLE (Flyball, 4D, EV 83.8 MPH) - OUT at second base trying to stretch hit.
Batting: SHB Frank Kimery 0-0: Called Strike
0-1: Ball
1-1: Called Strike
1-2: Ball
2-2: Strikes out swinging
Batting: RHB Parker Capalbo 0-0: Ground out 6-3 (Groundball, 6, EV 86.9 MPH)
Top of the 5th over - 0 runs, 1 hit, 0 errors, 0 left on base; Washington 0 - Frederick 3
BOTTOM OF THE 5TH
Frederick Stars batting - Pitching for Washington Oaks : RHP Quenton Wagner
Batting: LHB Rob Weeks 0-0: Foul Ball, location: 2F
0-1: Ball
1-1: Called Strike
1-2: Ball
2-2: Strikes out swinging
Batting: RHB Mitchell Metz 0-0: Ball
1-0: DOUBLE (Flyball, 78D, EV 103.1 MPH)
Batting: LHB Davion Harrod 0-0: Called Strike
0-1: Ground out 4-3 (Groundball, 34, EV 88.8 MPH)
Mitchell Metz to third
Batting: RHB Abraham Koziarz 0-0: Called Strike
0-1: Ball
1-1: Ball
2-1: 2-RUN HOME RUN (Line Drive, 78XD, EV 114.4 MPH), Distance : 427 ft
Pitching: RHP Josiah Jackson
Batting: RHB Hunt Singleton 0-0: Called Strike
0-1: Foul Ball, location: 2F
0-2: Strikes out swinging
Bottom of the 5th over - 2 runs, 2 hits, 0 errors, 0 left on base; Washington 0 - Frederick 5
TOP OF THE 6TH
Washington Oaks batting - Pitching for Frederick Stars : RHP Maxon Caragiale
Batting: RHB Ayden Harley 0-0: Ball
1-0: Called Strike
1-1: Hit by Pitch
Batting: RHB Nathan Baldwin 0-0: Ball
1-0: Fly out, F9 (Flyball, 9, EV 87.5 MPH)
Batting: SHB Malcolm Peters 0-0: Ball
1-0: Called Strike
1-1: Fly out, F8 (Flyball, 8RD, EV 93.1 MPH)
Batting: LHB Elmer Duquette 0-0: Called Strike
0-1: Ball
Ayden Harley steals 2nd base (no throw)
1-1: Called Strike
1-2: Strikes out swinging
Top of the 6th over - 0 runs, 0 hits, 0 errors, 1 left on base; Washington 0 - Frederick 5
BOTTOM OF THE 6TH
Frederick Stars batting - Pitching for Washington Oaks : RHP Josiah Jackson
Batting: LHB Earnest Feher 0-0: Ball
1-0: Ball
2-0: Called Strike
2-1: Foul Ball, location: 2F
2-2: Foul Ball, location: 2F
2-2: Strikes out looking
Batting: RHB Carston Abidugun 0-0: Ground out 6-3 (Groundball, 6, EV 98.1 MPH)
Batting: SHB Lane Nixon 0-0: Ball
1-0: Ball
2-0: SINGLE (Flyball, 7S, EV 88.1 MPH)
Batting: RHB Camden O'Neill 0-0: Called Strike
0-1: Swinging Strike
0-2: Strikes out swinging
Bottom of the 6th over - 0 runs, 1 hit, 0 errors, 1 left on base; Washington 0 - Frederick 5
TOP OF THE 7TH
Washington Oaks batting - Pitching for Frederick Stars : RHP Maxon Caragiale
Batting: LHB Ethan DeBoer 0-0: Ball
1-0: Foul Ball, location: 2F
1-1: DOUBLE (Line Drive, 89D, EV 101.9 MPH)
Batting: SHB Benny Adcox 0-0: Swinging Strike
0-1: Ball
1-1: Foul Ball, location: 2F
1-2: Ball
2-2: Ground out 4-3 (Groundball, 4MS, EV 65.0 MPH)
Ethan DeBoer to third
Batting: LHB Topher Delano 0-0: Foul Ball, location: 2F
0-1: Ground out 5-3 (Groundball, 56S, EV 79.4 MPH)
Ethan DeBoer scores
Batting: SHB Frank Kimery 0-0: Ground out 5-3 (Groundball, 15, EV 85.0 MPH)
Top of the 7th over - 1 run, 1 hit, 0 errors, 0 left on base; Washington 1 - Frederick 5
BOTTOM OF THE 7TH
Frederick Stars batting - Pitching for Washington Oaks : RHP Josiah Jackson
Batting: LHB Rob Weeks 0-0: Ball
1-0: Foul Ball, location: 2F
1-1: Foul Ball, location: 2F
1-2: Ball
2-2: Foul Ball, location: 2F
2-2: Foul Ball, location: 2F
2-2: Ball
3-2: Strikes out swinging
Batting: RHB Mitchell Metz 0-0: Ground out 4-3 (Groundball, 4, EV 90.0 MPH)
Batting: LHB Davion Harrod 0-0: Called Strike
0-1: Ball
1-1: Ball
2-1: Swinging Strike
2-2: Foul Ball, location: 2F
2-2: Ball
3-2: Strikes out swinging
Bottom of the 7th over - 0 runs, 0 hits, 0 errors, 0 left on base; Washington 1 - Frederick 5
TOP OF THE 8TH
Washington Oaks batting - Pitching for Frederick Stars : RHP Maxon Caragiale
Batting: RHB Parker Capalbo 0-0: Ball
1-0: Ball
2-0: Foul Ball, location: 2F
2-1: SINGLE (Line Drive, 89S, EV 95.6 MPH)
Pitching: LHP James Murray
Batting: RHB Ayden Harley 0-0: Ball
1-0: Swinging Strike
1-1: Foul Ball, location: 2F
1-2: Strikes out swinging
Batting: RHB Nathan Baldwin 0-0: Called Strike
0-1: Foul Ball, location: 2F
0-2: Foul Ball, location: 2F
0-2: Ball
1-2: Foul Ball, location: 2F
1-2: Foul Ball, location: 2F
1-2: SINGLE (Line Drive, 9S, EV 83.8 MPH)
Parker Capalbo to second
Batting: SHB Malcolm Peters 0-0: Called Strike
0-1: Ball
1-1: Foul Ball, location: 2F
1-2: Ball
2-2: Foul Ball, location: 9LSF, Error on foul ball, E9
2-2: Foul Ball, location: 2F
2-2: Strikes out looking
Batting: LHB Elmer Duquette 0-0: Fly out, F9 (Flyball, 9, EV 80.6 MPH)
Top of the 8th over - 0 runs, 2 hits, 1 error, 2 left on base; Washington 1 - Frederick 5
BOTTOM OF THE 8TH
Frederick Stars batting - Pitching for Washington Oaks : RHP Josiah Jackson
Batting: RHB Abraham Koziarz 0-0: Ball
1-0: Called Strike
1-1: Called Strike
1-2: Ball
2-2: Foul Ball, location: 2F
2-2: Strikes out looking
Batting: RHB Hunt Singleton 0-0: Ball
1-0: Ball
2-0: Foul Ball, location: 2F
2-1: Fly out, F9 (Flyball, 89M, EV 86.9 MPH)
Batting: LHB Earnest Feher 0-0: Ball
1-0: SOLO HOME RUN (Line Drive, 7D, EV 98.1 MPH), Distance : 394 ft
Batting: RHB Carston Abidugun 0-0: Fly out, F7 (Flyball, 78M, EV 88.1 MPH)
Bottom of the 8th over - 1 run, 1 hit, 0 errors, 0 left on base; Washington 1 - Frederick 6
TOP OF THE 9TH
Washington Oaks batting - Pitching for Frederick Stars : LHP James Murray
Batting: LHB Ethan DeBoer 0-0: Ball
1-0: Foul Ball, location: 2F
1-1: Foul Ball, location: 2F
1-2: Reached on error, E3 (Groundball, 34, EV 86.2 MPH)
Batting: SHB Benny Adcox 0-0: Ball
1-0: Called Strike
1-1: Grounds into double play, 5-4-3 (Groundball, 56S, EV 86.2 MPH)
Batting: LHB Topher Delano 0-0: Called Strike
0-1: Swinging Strike
0-2: Foul Ball, location: 2F
0-2: Ball
1-2: Fly out, F3 (Popup, 34, EV 72.5 MPH)
Top of the 9th over - 0 runs, 0 hits, 1 error, 0 left on base; Washington 1 - Frederick 6
Wednesday, May 15th , 2024 - OOTP Baseball 23.10 Build 110